Connexion

LOS ANGELES Kings vs COLORADO Avalanche

Created - 18 décembre 2023 at 08:05

Goals
1 2 3 T
LOS ANGELES Kings 1 1 3 5
COLORADO Avalanche 1 1 0 2
Shots
1 2 3 T
LOS ANGELES Kings 17 13 11 41
COLORADO Avalanche 4 5 4 13

GoalsPenalties
1st period
1. COLORADO Avalanche , Alexander Wennberg 13 (Mark Pysyk 25, Artemi Panarin 17) at 0:28
2. LOS ANGELES Kings , Thomas Chabot 9 (Jason Zucker 26, Mats Zuccarello 29) at 15:44
No Penalty
2nd period
3. LOS ANGELES Kings , Nick Bonino 3 (Axel Jonsson Fjallby 2, Derek Forbort 14) at 10:48
4. COLORADO Avalanche , Alexander Wennberg 14 (Artemi Panarin 18, Noah Dobson 18) at 14:59
Jason Zucker (L.A) for Tripping (Minor) at 3:19
Artemi Panarin (COL) for Interference (Minor) at 12:42
3rd period
5. LOS ANGELES Kings , Mats Zuccarello 26 (Jason Zucker 27, Calen Addison 24) at 0:13
6. LOS ANGELES Kings , Nick Foligno 9 (Derek Forbort 15, Brock McGinn 20) at 14:02
7. LOS ANGELES Kings , Chandler Stephenson 17 (Derek Forbort 16) at 19:40
No Penalty
Goalie Stats
Samuel Montembeault (L.A), 11 saves from 13 shots - (0,846), W, 19-18-2, 60:00 minutes
Braden Holtby (COL), 36 saves from 41 shots - (0,878), L, 21-19-2, 60:00 minutes
3 StarsOfficial
1 - Derek Forbort (L.A)
2 - Alexander Wennberg (COL)
3 - Mats Zuccarello (L.A)
Referees : Dave Jackson and Gord Dwyer
Linesman : Steve Miller and Derek Nansen
Game Note
No Game Note
Finance
Level 1 -- Attendance: 6000 (100,00%) -- Ticket Income $600,000
Level 2 -- Attendance: 5007 (100,00%) -- Ticket Income $400,560
Level 3 -- Attendance: 1521 (76,05%) -- Ticket Income $106,470
Level 4 -- Attendance: 3095 (77,38%) -- Ticket Income $123,800
Luxury Box -- Attendance: 528 (52,80%) -- Ticket Income $264,000
Game was played at the Pepsi Center.
Total Attendance: 16151 (89,69%)
Total Ticket Income: $1,494,830
Other Income: $298,966
Total Income: $1,793,796



Team Name Goals Shots Shots Attemp Shots Blocked PIM HIT PP PK FO%
LOS ANGELES Kings 5417962190 / 1 (0%)053%
COLORADO Avalanche 21328102120 / 1 (0%)047%

LOS ANGELES Kings
Player Name POS G A P +/- PIM HIT SHT SB MP PP MP PP SHT PK MP PK SHT FO% FOT
Arber XhekajD000-1020122:111:0700:5900% 0
Axel Jonsson FjallbyLW011000006:230:0000:0000% 0
Brayden SchennC/LW/RW000-1055018:381:0700:0000% 0
Brock McGinnLW/RW0112004013:140:0000:5900% 2
Calen AddisonD0112011022:420:5201:0000% 0
Chandler StephensonC/LW1012001013:351:0700:13056% 18
Derek ForbortD0332030015:070:0000:0000% 0
Jakob SilfverbergLW/RW000-1005018:381:0700:0000% 0
Jason ZuckerLW/RW0222205020:440:5200:00050% 2
Jesse YlonenRW000000106:230:0000:0000% 0
Mats ZuccarelloLW/RW1122006121:320:5200:4700% 2
Matt Irwin D0002010015:070:0000:0000% 0
Mika ZibanejadC/LW/RW0002024020:450:5200:00065% 20
Nick BoninoC/LW101000307:100:0000:47033% 9
Nick FolignoC/LW/RW1012041013:140:0000:59075% 4
Nicolas RoyC000-1012017:440:0000:13056% 18
Olli MaattaD000-1000222:121:0701:0000% 0
Thomas ChabotD1012003222:410:5210:5900% 0
COLORADO Avalanche
Player Name POS G A P +/- PIM HIT SHT SB MP PP MP PP SHT PK MP PK SHT FO% FOT
Adam RuzickaC000000001:450:5800:0000% 0
Alexander WennbergC2022013121:011:0100:19057% 21
Anze KopitarC000-3001124:291:0100:00043% 30
Artemi PanarinLW0222201020:411:0100:0000% 1
Brenden DillonD0001020113:510:0000:0000% 0
Christian DjoosD000-2000024:590:3300:4100% 0
Claude GirouxC/LW/RW000-1021015:200:5801:221100% 4
Glenn GawdinC/LW000-2010011:300:0000:0000% 0
Jeff Petry D000-2040325:040:3800:4100% 0
Johnny GaudreauLW000-3002024:520:2500:440100% 1
Luke GlendeningC/RW000000002:000:0000:3700% 1
Mark PysykD011-2000320:320:4801:1800% 0
Martin FrkRW0002011020:140:3300:0000% 0
Maxime ComtoisLW000-2001012:090:0000:1800% 0
Noah DobsonD0111001115:021:1100:0000% 0
Oliver KylingtonD000-2010020:320:4801:1800% 0
Philip TomasinoC000-2001012:080:0000:38031% 16
Sebastien ReppoRW000-2001011:510:0000:0000% 1



Play-by-Play

1st period


0:01 of 1st period - Anze Kopitar wins face-off versus Mats Zuccarello in neutral zone.
0:03 of 1st period - Off-side.
0:04 of 1st period - Alexander Wennberg wins face-off versus Nicolas Roy in neutral zone.
0:16 of 1st period - Shot by Brayden Schenn.
0:16 of 1st period - Stopped by Braden Holtby with a rebound.
0:28 of 1st period - Shot by Alexander Wennberg.
0:28 of 1st period - Goal by Alexander Wennberg - LOS ANGELES Kings : 0 - COLORADO Avalanche : 1.
0:29 of 1st period - Anze Kopitar wins face-off versus Mika Zibanejad in neutral zone.
0:38 of 1st period - Shot by Johnny Gaudreau.
0:38 of 1st period - Shot Blocked by Thomas Chabot.
0:54 of 1st period - Shot by Johnny Gaudreau.
0:54 of 1st period - Shot Misses the Net.
0:56 of 1st period - Shot by Anze Kopitar.
0:56 of 1st period - Stopped by Samuel Montembeault without a rebound.
0:57 of 1st period - Alexander Wennberg wins face-off versus Chandler Stephenson in LOS ANGELES Kings zone.
1:40 of 1st period - Shot by Brock McGinn.
1:40 of 1st period - Shot Misses the Net.
1:55 of 1st period - Icing by Olli Maatta.
1:56 of 1st period - Anze Kopitar wins face-off versus Nick Bonino in LOS ANGELES Kings zone.
2:07 of 1st period - Shot by Anze Kopitar.
2:07 of 1st period - Shot Blocked by Olli Maatta.
2:49 of 1st period - Shot by Philip Tomasino.
2:49 of 1st period - Shot Misses the Net.
2:51 of 1st period - Shot by Johnny Gaudreau.
2:51 of 1st period - Shot Blocked by Olli Maatta.
2:53 of 1st period - Shot by Philip Tomasino.
2:53 of 1st period - Stopped by Samuel Montembeault without a rebound.
2:54 of 1st period - Philip Tomasino wins face-off versus Jason Zucker in LOS ANGELES Kings zone.
4:08 of 1st period - Jakob Silfverberg is hit by Alexander Wennberg and loses puck.
4:27 of 1st period - Shot by Alexander Wennberg.
4:27 of 1st period - Shot Misses the Net.
4:53 of 1st period - Shot by Brock McGinn.
4:53 of 1st period - Stopped by Braden Holtby without a rebound.
4:54 of 1st period - Chandler Stephenson wins face-off versus Anze Kopitar in COLORADO Avalanche zone.
4:55 of 1st period - Shot by Brock McGinn.
4:55 of 1st period - Stopped by Braden Holtby without a rebound.
4:56 of 1st period - Anze Kopitar wins face-off versus Mats Zuccarello in COLORADO Avalanche zone.
5:14 of 1st period - Shot by Calen Addison.
5:14 of 1st period - Stopped by Braden Holtby with a rebound.
5:20 of 1st period - Shot by Mika Zibanejad.
5:20 of 1st period - Shot Misses the Net.
5:30 of 1st period - Shot by Jason Zucker.
5:30 of 1st period - Stopped by Braden Holtby without a rebound.
5:31 of 1st period - Chandler Stephenson wins face-off versus Alexander Wennberg in COLORADO Avalanche zone.
5:32 of 1st period - Shot by Brock McGinn.
5:32 of 1st period - Shot Misses the Net.
5:34 of 1st period - Shot by Arber Xhekaj.
5:34 of 1st period - Shot Misses the Net.
5:36 of 1st period - Shot by Brock McGinn.
5:36 of 1st period - Stopped by Braden Holtby without a rebound.
5:37 of 1st period - Anze Kopitar wins face-off versus Chandler Stephenson in COLORADO Avalanche zone.
5:58 of 1st period - Jeff Petry is hit by Nick Foligno and loses puck.
6:34 of 1st period - Thomas Chabot is hit by Claude Giroux and loses puck.
7:12 of 1st period - Jakob Silfverberg is hit by Jeff Petry and loses puck.
8:02 of 1st period - Shot by Mika Zibanejad.
8:02 of 1st period - Stopped by Braden Holtby with a rebound.
8:14 of 1st period - Shot by Nick Bonino.
8:14 of 1st period - Shot Misses the Net.
8:18 of 1st period - Shot by Jesse Ylonen.
8:18 of 1st period - Stopped by Braden Holtby without a rebound.
8:19 of 1st period - Chandler Stephenson wins face-off versus Alexander Wennberg in COLORADO Avalanche zone.
10:03 of 1st period - Noah Dobson is hit by Brayden Schenn and loses puck.
10:27 of 1st period - Shot by Mats Zuccarello.
10:27 of 1st period - Shot Blocked by Noah Dobson.
10:35 of 1st period - Shot by Mika Zibanejad.
10:35 of 1st period - Shot Blocked by Brenden Dillon.
10:53 of 1st period - Shot by Mika Zibanejad.
10:53 of 1st period - Shot Misses the Net.
11:46 of 1st period - Icing by Oliver Kylington.
11:47 of 1st period - Chandler Stephenson wins face-off versus Alexander Wennberg in COLORADO Avalanche zone.
12:22 of 1st period - Shot by Thomas Chabot.
12:22 of 1st period - Stopped by Braden Holtby without a rebound.
12:23 of 1st period - Mika Zibanejad wins face-off versus Philip Tomasino in COLORADO Avalanche zone.
12:28 of 1st period - Shot by Mats Zuccarello.
12:28 of 1st period - Stopped by Braden Holtby without a rebound.
12:29 of 1st period - Mika Zibanejad wins face-off versus Anze Kopitar in COLORADO Avalanche zone.
12:32 of 1st period - Shot by Mika Zibanejad.
12:32 of 1st period - Shot Blocked by Anze Kopitar.
12:44 of 1st period - Shot by Jason Zucker.
12:44 of 1st period - Shot Misses the Net.
12:48 of 1st period - Shot by Mika Zibanejad.
12:48 of 1st period - Shot Misses the Net.
12:50 of 1st period - Shot by Mats Zuccarello.
12:50 of 1st period - Stopped by Braden Holtby without a rebound.
12:51 of 1st period - Nicolas Roy wins face-off versus Alexander Wennberg in COLORADO Avalanche zone.
12:52 of 1st period - Shot by Brayden Schenn.
12:52 of 1st period - Shot Misses the Net.
13:00 of 1st period - Shot by Jakob Silfverberg.
13:00 of 1st period - Stopped by Braden Holtby without a rebound.
13:01 of 1st period - Mika Zibanejad wins face-off versus Anze Kopitar in COLORADO Avalanche zone.
13:13 of 1st period - Jason Zucker is hit by Brenden Dillon and loses puck.
14:39 of 1st period - Icing by Jeff Petry .
14:40 of 1st period - Alexander Wennberg wins face-off versus Chandler Stephenson in COLORADO Avalanche zone.
14:58 of 1st period - Icing by Brock McGinn.
14:59 of 1st period - Philip Tomasino wins face-off versus Chandler Stephenson in LOS ANGELES Kings zone.
14:59 of 1st period - Mark Pysyk is hit by Derek Forbort and loses puck.
15:17 of 1st period - Icing by Philip Tomasino.
15:18 of 1st period - Mika Zibanejad wins face-off versus Philip Tomasino in COLORADO Avalanche zone.
15:36 of 1st period - Shot by Mats Zuccarello.
15:36 of 1st period - Stopped by Braden Holtby with a rebound.
15:38 of 1st period - Shot by Thomas Chabot.
15:38 of 1st period - Shot Blocked by Mark Pysyk.
15:40 of 1st period - Shot by Jason Zucker.
15:40 of 1st period - Shot Blocked by Mark Pysyk.
15:42 of 1st period - Shot by Jason Zucker.
15:42 of 1st period - Shot Misses the Net.
15:44 of 1st period - Shot by Thomas Chabot.
15:44 of 1st period - Goal by Thomas Chabot - LOS ANGELES Kings : 1 - COLORADO Avalanche : 1.
15:45 of 1st period - Nicolas Roy wins face-off versus Alexander Wennberg in neutral zone.
15:52 of 1st period - Shot by Nicolas Roy.
15:52 of 1st period - Stopped by Braden Holtby without a rebound.
15:53 of 1st period - Nicolas Roy wins face-off versus Alexander Wennberg in COLORADO Avalanche zone.
15:56 of 1st period - Shot by Jakob Silfverberg.
15:56 of 1st period - Stopped by Braden Holtby without a rebound.
15:57 of 1st period - Mika Zibanejad wins face-off versus Anze Kopitar in COLORADO Avalanche zone.
17:05 of 1st period - Shot by Jakob Silfverberg.
17:05 of 1st period - Shot Misses the Net.
17:51 of 1st period - Icing by Mark Pysyk.
17:52 of 1st period - Chandler Stephenson wins face-off versus Alexander Wennberg in COLORADO Avalanche zone.
18:11 of 1st period - Shot by Chandler Stephenson.
18:11 of 1st period - Shot Misses the Net.
18:31 of 1st period - Off-side.
18:32 of 1st period - Mika Zibanejad wins face-off versus Anze Kopitar in neutral zone.
18:37 of 1st period - Shot by Jason Zucker.
18:37 of 1st period - Shot Misses the Net.
19:12 of 1st period - Icing by Calen Addison.
19:13 of 1st period - Mika Zibanejad wins face-off versus Philip Tomasino in LOS ANGELES Kings zone.
19:24 of 1st period - Shot by Mats Zuccarello.
19:24 of 1st period - Stopped by Braden Holtby without a rebound.
19:25 of 1st period - Anze Kopitar wins face-off versus Nicolas Roy in COLORADO Avalanche zone.
19:25 of 1st period - Anze Kopitar is hit by Brayden Schenn.
19:45 of 1st period - Shot by Sebastien Reppo.
19:45 of 1st period - Stopped by Samuel Montembeault without a rebound.
19:46 of 1st period - Alexander Wennberg wins face-off versus Nick Bonino in LOS ANGELES Kings zone.
19:52 of 1st period - Icing by Derek Forbort.
19:53 of 1st period - Alexander Wennberg wins face-off versus Nick Bonino in LOS ANGELES Kings zone.
Goals for this period are 1 for LOS ANGELES Kings vs 1 for COLORADO Avalanche .
Shots for this period are 17 for LOS ANGELES Kings vs 4 for COLORADO Avalanche .

2nd period


0:01 of 2nd period - Nicolas Roy wins face-off versus Anze Kopitar in neutral zone.
0:04 of 2nd period - Christian Djoos is hit by Brayden Schenn and loses puck.
0:27 of 2nd period - Shot by Brayden Schenn.
0:27 of 2nd period - Stopped by Braden Holtby without a rebound.
0:28 of 2nd period - Mika Zibanejad wins face-off versus Alexander Wennberg in COLORADO Avalanche zone.
0:33 of 2nd period - Shot by Mika Zibanejad.
0:33 of 2nd period - Shot Hit the Post.
0:41 of 2nd period - Shot by Jason Zucker.
0:41 of 2nd period - Shot Misses the Net.
1:03 of 2nd period - Shot by Jason Zucker.
1:03 of 2nd period - Stopped by Braden Holtby with a rebound.
1:07 of 2nd period - Shot by Mats Zuccarello.
1:07 of 2nd period - Stopped by Braden Holtby without a rebound.
1:08 of 2nd period - Nicolas Roy wins face-off versus Anze Kopitar in COLORADO Avalanche zone.
1:08 of 2nd period - Nicolas Roy is hit by Jeff Petry .
1:14 of 2nd period - Shot by Brayden Schenn.
1:14 of 2nd period - Shot Misses the Net.
2:10 of 2nd period - Shot by Nick Foligno.
2:10 of 2nd period - Shot Misses the Net.
3:19 of 2nd period - Minor Penalty to Jason Zucker for Tripping.
3:20 of 2nd period - Nick Foligno wins face-off versus Alexander Wennberg in LOS ANGELES Kings zone.
3:35 of 2nd period - Shot by Brock McGinn.
3:35 of 2nd period - Shot Misses the Net.
4:22 of 2nd period - Off-side.
4:23 of 2nd period - Claude Giroux wins face-off versus Nick Foligno in neutral zone.
5:04 of 2nd period - Icing by Artemi Panarin.
5:05 of 2nd period - Alexander Wennberg wins face-off versus Brock McGinn in COLORADO Avalanche zone.
5:40 of 2nd period - Shot by Brayden Schenn.
5:40 of 2nd period - Stopped by Braden Holtby without a rebound.
5:41 of 2nd period - Mika Zibanejad wins face-off versus Anze Kopitar in COLORADO Avalanche zone.
5:59 of 2nd period - Icing by Sebastien Reppo.
6:00 of 2nd period - Anze Kopitar wins face-off versus Nicolas Roy in COLORADO Avalanche zone.
6:02 of 2nd period - Christian Djoos is hit by Nicolas Roy and loses puck.
8:13 of 2nd period - Shot by Brock McGinn.
8:13 of 2nd period - Shot Misses the Net.
8:15 of 2nd period - Shot by Nick Foligno.
8:15 of 2nd period - Shot Misses the Net.
8:28 of 2nd period - Martin Frk is hit by Matt Irwin and loses puck.
8:37 of 2nd period - Nick Foligno is hit by Martin Frk and loses puck.
9:30 of 2nd period - Shot by Claude Giroux.
9:30 of 2nd period - Shot Misses the Net.
9:44 of 2nd period - Shot by Johnny Gaudreau.
9:44 of 2nd period - Stopped by Samuel Montembeault without a rebound.
9:45 of 2nd period - Anze Kopitar wins face-off versus Mika Zibanejad in LOS ANGELES Kings zone.
10:11 of 2nd period - Jason Zucker is hit by Oliver Kylington and loses puck.
10:48 of 2nd period - Shot by Nick Bonino.
10:48 of 2nd period - Goal by Nick Bonino - LOS ANGELES Kings : 2 - COLORADO Avalanche : 1.
10:49 of 2nd period - Philip Tomasino wins face-off versus Brock McGinn in neutral zone.
11:45 of 2nd period - Shot by Brayden Schenn.
11:45 of 2nd period - Shot Misses the Net.
12:17 of 2nd period - Shot by Brayden Schenn.
12:17 of 2nd period - Stopped by Braden Holtby without a rebound.
12:18 of 2nd period - Mika Zibanejad wins face-off versus Artemi Panarin in COLORADO Avalanche zone.
12:42 of 2nd period - Minor Penalty to Artemi Panarin for Interference.
12:43 of 2nd period - Chandler Stephenson wins face-off versus Luke Glendening in COLORADO Avalanche zone.
12:56 of 2nd period - Icing by Olli Maatta.
12:57 of 2nd period - Claude Giroux wins face-off versus Chandler Stephenson in LOS ANGELES Kings zone.
13:12 of 2nd period - Shot by Johnny Gaudreau.
13:12 of 2nd period - Deflect By Claude Giroux.
13:12 of 2nd period - Stopped by Samuel Montembeault with a rebound.
13:27 of 2nd period - Off-side.
13:28 of 2nd period - Claude Giroux wins face-off versus Mika Zibanejad in neutral zone.
14:05 of 2nd period - Shot by Thomas Chabot.
14:05 of 2nd period - Stopped by Braden Holtby with a rebound.
14:56 of 2nd period - Artemi Panarin is hit by Derek Forbort and loses puck.
14:59 of 2nd period - Shot by Alexander Wennberg.
14:59 of 2nd period - Goal by Alexander Wennberg - LOS ANGELES Kings : 2 - COLORADO Avalanche : 2.
15:00 of 2nd period - Anze Kopitar wins face-off versus Chandler Stephenson in neutral zone.
15:07 of 2nd period - Shot by Maxime Comtois.
15:07 of 2nd period - Stopped by Samuel Montembeault with a rebound.
15:17 of 2nd period - Shot by Brock McGinn.
15:17 of 2nd period - Stopped by Braden Holtby without a rebound.
15:18 of 2nd period - Alexander Wennberg wins face-off versus Nick Bonino in COLORADO Avalanche zone.
15:33 of 2nd period - Shot by Martin Frk.
15:33 of 2nd period - Shot Misses the Net.
15:35 of 2nd period - Shot by Martin Frk.
15:35 of 2nd period - Stopped by Samuel Montembeault without a rebound.
15:36 of 2nd period - Claude Giroux wins face-off versus Mika Zibanejad in LOS ANGELES Kings zone.
16:04 of 2nd period - Off-side.
16:05 of 2nd period - Alexander Wennberg wins face-off versus Nicolas Roy in neutral zone.
16:24 of 2nd period - Shot by Brayden Schenn.
16:24 of 2nd period - Shot Blocked by Jeff Petry .
16:26 of 2nd period - Shot by Jakob Silfverberg.
16:26 of 2nd period - Stopped by Braden Holtby with a rebound.
16:28 of 2nd period - Shot by Jakob Silfverberg.
16:28 of 2nd period - Shot Blocked by Alexander Wennberg.
17:16 of 2nd period - Shot by Mats Zuccarello.
17:16 of 2nd period - Shot Blocked by Mark Pysyk.
17:18 of 2nd period - Shot by Jason Zucker.
17:18 of 2nd period - Stopped by Braden Holtby without a rebound.
17:19 of 2nd period - Chandler Stephenson wins face-off versus Anze Kopitar in COLORADO Avalanche zone.
17:19 of 2nd period - Chandler Stephenson is hit by Brenden Dillon.
17:30 of 2nd period - Off-side.
17:31 of 2nd period - Philip Tomasino wins face-off versus Nick Bonino in neutral zone.
18:12 of 2nd period - Shot by Nick Bonino.
18:12 of 2nd period - Stopped by Braden Holtby without a rebound.
18:13 of 2nd period - Anze Kopitar wins face-off versus Mika Zibanejad in COLORADO Avalanche zone.
18:43 of 2nd period - Jason Zucker is hit by Jeff Petry and loses puck.
18:46 of 2nd period - Shot by Mats Zuccarello.
18:46 of 2nd period - Deflect By Mika Zibanejad.
18:46 of 2nd period - Stopped by Braden Holtby without a rebound.
18:47 of 2nd period - Alexander Wennberg wins face-off versus Nicolas Roy in COLORADO Avalanche zone.
18:49 of 2nd period - Icing by Artemi Panarin.
18:50 of 2nd period - Alexander Wennberg wins face-off versus Nicolas Roy in COLORADO Avalanche zone.
19:03 of 2nd period - Shot by Nicolas Roy.
19:03 of 2nd period - Stopped by Braden Holtby without a rebound.
19:04 of 2nd period - Mika Zibanejad wins face-off versus Anze Kopitar in COLORADO Avalanche zone.
19:37 of 2nd period - Johnny Gaudreau is hit by Arber Xhekaj and loses puck.
Goals for this period are 1 for LOS ANGELES Kings vs 1 for COLORADO Avalanche .
Shots for this period are 13 for LOS ANGELES Kings vs 5 for COLORADO Avalanche .

3rd period


0:01 of 3rd period - Mika Zibanejad wins face-off versus Anze Kopitar in neutral zone.
0:09 of 3rd period - Calen Addison is hit by Claude Giroux.
0:13 of 3rd period - Shot by Jason Zucker.
0:13 of 3rd period - Deflect By Mats Zuccarello.
0:13 of 3rd period - Goal by Mats Zuccarello - LOS ANGELES Kings : 3 - COLORADO Avalanche : 2.
0:14 of 3rd period - Alexander Wennberg wins face-off versus Nicolas Roy in neutral zone.
0:17 of 3rd period - Shot by Artemi Panarin.
0:17 of 3rd period - Stopped by Samuel Montembeault without a rebound.
0:18 of 3rd period - Anze Kopitar wins face-off versus Nicolas Roy in LOS ANGELES Kings zone.
1:48 of 3rd period - Shot by Jason Zucker.
1:48 of 3rd period - Shot Hit the Post.
1:50 of 3rd period - Shot by Jason Zucker.
1:50 of 3rd period - Deflect By Mika Zibanejad.
1:50 of 3rd period - Stopped by Braden Holtby without a rebound.
1:51 of 3rd period - Jason Zucker wins face-off versus Anze Kopitar in COLORADO Avalanche zone.
2:12 of 3rd period - Shot by Jason Zucker.
2:12 of 3rd period - Stopped by Braden Holtby without a rebound.
2:13 of 3rd period - Nick Foligno wins face-off versus Philip Tomasino in COLORADO Avalanche zone.
2:56 of 3rd period - Shot by Nick Foligno.
2:56 of 3rd period - Shot Blocked by Jeff Petry .
3:44 of 3rd period - Shot by Jason Zucker.
3:44 of 3rd period - Shot Misses the Net.
4:06 of 3rd period - Off-side.
4:07 of 3rd period - Nicolas Roy wins face-off versus Anze Kopitar in neutral zone.
4:10 of 3rd period - Shot by Brayden Schenn.
4:10 of 3rd period - Stopped by Braden Holtby without a rebound.
4:11 of 3rd period - Nicolas Roy wins face-off versus Anze Kopitar in COLORADO Avalanche zone.
4:14 of 3rd period - Shot by Jakob Silfverberg.
4:14 of 3rd period - Stopped by Braden Holtby without a rebound.
4:15 of 3rd period - Nicolas Roy wins face-off versus Anze Kopitar in COLORADO Avalanche zone.
4:30 of 3rd period - Shot by Nicolas Roy.
4:30 of 3rd period - Shot Blocked by Jeff Petry .
4:44 of 3rd period - Anze Kopitar is hit by Brayden Schenn and loses puck.
5:38 of 3rd period - Artemi Panarin is hit by Derek Forbort and loses puck.
5:45 of 3rd period - Mark Pysyk is hit by Nick Foligno and loses puck.
6:04 of 3rd period - Shot by Mika Zibanejad.
6:04 of 3rd period - Stopped by Braden Holtby without a rebound.
6:05 of 3rd period - Anze Kopitar wins face-off versus Nick Bonino in COLORADO Avalanche zone.
6:25 of 3rd period - Icing by Arber Xhekaj.
6:26 of 3rd period - Nick Bonino wins face-off versus Philip Tomasino in LOS ANGELES Kings zone.
6:26 of 3rd period - Nick Bonino is hit by Glenn Gawdin.
6:36 of 3rd period - Shot by Nick Bonino.
6:36 of 3rd period - Shot Misses the Net.
6:38 of 3rd period - Shot by Nick Bonino.
6:38 of 3rd period - Shot Misses the Net.
6:40 of 3rd period - Shot by Jesse Ylonen.
6:40 of 3rd period - Shot Misses the Net.
7:03 of 3rd period - Icing by Christian Djoos.
7:04 of 3rd period - Johnny Gaudreau wins face-off versus Mika Zibanejad in COLORADO Avalanche zone.
7:18 of 3rd period - Christian Djoos is hit by Mika Zibanejad and loses puck.
9:20 of 3rd period - Icing by Nick Foligno.
9:21 of 3rd period - Alexander Wennberg wins face-off versus Chandler Stephenson in LOS ANGELES Kings zone.
9:34 of 3rd period - Alexander Wennberg is hit by Nick Foligno and loses puck.
10:18 of 3rd period - Shot by Mats Zuccarello.
10:18 of 3rd period - Deflect By Jason Zucker.
10:18 of 3rd period - Stopped by Braden Holtby without a rebound.
10:19 of 3rd period - Nick Bonino wins face-off versus Philip Tomasino in COLORADO Avalanche zone.
10:20 of 3rd period - Shot by Jesse Ylonen.
10:20 of 3rd period - Shot Misses the Net.
10:34 of 3rd period - Shot by Johnny Gaudreau.
10:34 of 3rd period - Stopped by Samuel Montembeault with a rebound.
12:29 of 3rd period - Noah Dobson is hit by Arber Xhekaj and loses puck.
13:07 of 3rd period - Off-side.
13:08 of 3rd period - Chandler Stephenson wins face-off versus Philip Tomasino in neutral zone.
13:23 of 3rd period - Icing by Glenn Gawdin.
13:24 of 3rd period - Nick Bonino wins face-off versus Philip Tomasino in COLORADO Avalanche zone.
13:34 of 3rd period - Icing by Glenn Gawdin.
13:35 of 3rd period - Philip Tomasino wins face-off versus Chandler Stephenson in COLORADO Avalanche zone.
13:45 of 3rd period - Icing by Derek Forbort.
13:46 of 3rd period - Chandler Stephenson wins face-off versus Sebastien Reppo in LOS ANGELES Kings zone.
14:02 of 3rd period - Shot by Nick Foligno.
14:02 of 3rd period - Goal by Nick Foligno - LOS ANGELES Kings : 4 - COLORADO Avalanche : 2.
14:03 of 3rd period - Mika Zibanejad wins face-off versus Anze Kopitar in neutral zone.
14:15 of 3rd period - Icing by Christian Djoos.
14:16 of 3rd period - Nicolas Roy wins face-off versus Anze Kopitar in COLORADO Avalanche zone.
15:14 of 3rd period - Shot by Artemi Panarin.
15:14 of 3rd period - Shot Blocked by Arber Xhekaj.
15:16 of 3rd period - Shot by Mark Pysyk.
15:16 of 3rd period - Shot Misses the Net.
15:18 of 3rd period - Shot by Artemi Panarin.
15:18 of 3rd period - Shot Misses the Net.
16:08 of 3rd period - Shot by Mats Zuccarello.
16:08 of 3rd period - Shot Hit the Post.
16:25 of 3rd period - Alexander Wennberg is hit by Mika Zibanejad and loses puck.
16:53 of 3rd period - Icing by Brenden Dillon.
16:54 of 3rd period - Nick Foligno wins face-off versus Philip Tomasino in COLORADO Avalanche zone.
17:15 of 3rd period - Brenden Dillon is hit by Nick Foligno and loses puck.
17:48 of 3rd period - Shot by Maxime Comtois.
17:48 of 3rd period - Shot Misses the Net.
18:00 of 3rd period - Shot by Nick Bonino.
18:00 of 3rd period - Stopped by Braden Holtby without a rebound.
18:01 of 3rd period - Anze Kopitar wins face-off versus Mika Zibanejad in COLORADO Avalanche zone.
18:10 of 3rd period - Mats Zuccarello is hit by Jeff Petry and loses puck.
18:45 of 3rd period - Noah Dobson is hit by Calen Addison and loses puck.
18:56 of 3rd period - Shot by Artemi Panarin.
18:56 of 3rd period - Shot Blocked by Thomas Chabot.
18:58 of 3rd period - Shot by Martin Frk.
18:58 of 3rd period - Shot Misses the Net.
19:00 of 3rd period - Shot by Alexander Wennberg.
19:00 of 3rd period - Shot Blocked by Mats Zuccarello.
19:02 of 3rd period - Shot by Alexander Wennberg.
19:02 of 3rd period - Stopped by Samuel Montembeault with a rebound.
19:04 of 3rd period - Shot by Noah Dobson.
19:04 of 3rd period - Stopped by Samuel Montembeault with a rebound.
19:29 of 3rd period - Oliver Kylington is hit by Brayden Schenn and loses puck.
19:34 of 3rd period - Shot by Jakob Silfverberg.
19:34 of 3rd period - Stopped by Braden Holtby without a rebound.
19:35 of 3rd period - Chandler Stephenson wins face-off versus Philip Tomasino in COLORADO Avalanche zone.
19:40 of 3rd period - Shot by Chandler Stephenson.
19:40 of 3rd period - Goal by Chandler Stephenson - LOS ANGELES Kings : 5 - COLORADO Avalanche : 2.
19:41 of 3rd period - Nicolas Roy wins face-off versus Philip Tomasino in neutral zone.
Goals for this period are 3 for LOS ANGELES Kings vs 0 for COLORADO Avalanche .
Shots for this period are 11 for LOS ANGELES Kings vs 4 for COLORADO Avalanche .